 Dungeon Crawl Stone Soup version 0.27-a0-262-gc50aac273e (webtiles) character file.

Game seed: 3622635047354477593

100 Borgoz the Slasher (level 4, 0/38 HPs)
             Began as a Ghoul Gladiator on Feb 5, 2021.
             Slain by a hobgoblin
             ... wielding a +0 club
              (7 damage)
             ... on level 2 of the Dungeon.
             The game lasted 00:00:59 (1189 turns).

Borgoz the Slasher (Ghoul Gladiator)                Turns: 1189, Time: 00:00:59

Health: 0/38       AC:  4    Str: 17    XL:     4   Next: 74%
Magic:  3/3        EV: 12    Int:  3    God:
Gold:   68         SH:  0    Dex: 11    Spells: 3/3 levels left

rFire    . . .     SeeInvis .   a - +0 long sword
rCold    + . .     Faith    .   (no shield)
rNeg     + + +     Spirit   .   b - +0 leather armour
rPois    ∞         Reflect  .   c - +0 helmet
rElec    .         Harm     .   (no cloak)
rCorr    .         Rampage  .   (no gloves)
Will     .....                  (no boots)
Stlth    +.........             (no amulet)
HPRegen  0.00/turn              (no ring)
MPRegen  0.08/turn              (no ring)

@: no status effects
A: claws 1, cold resistance 1, negative energy resistance 3, inhibited
regeneration, torment resistance, unbreathing
a: no special abilities


You were on level 2 of the Dungeon.
You visited 1 branch of the dungeon, and saw 2 of its levels.

You collected 68 gold pieces.

Inventory:

Hand Weapons
 a - a +0 long sword (weapon)
Missiles
 d - 2 throwing nets (quivered)
Armour
 b - a +0 leather armour (worn)
 c - a +0 helmet (worn)
Jewellery
 k - an uncursed ring of positive energy {unknown}
Scrolls
 g - a scroll of fear {unknown}
 h - 2 scrolls of identify {unknown}
 i - 2 scrolls of magic mapping {unknown}
 j - 3 scrolls of fog {unknown}
 l - 3 scrolls of remove curse {unknown}
Potions
 e - 2 potions of curing {unknown}
 f - a potion of lignification {unknown}


   Skills:
 + Level 3.1 Fighting
 + Level 3.3 Long Blades
 - Level 1.7 Throwing
 + Level 1.7 Armour
 + Level 3.3 Dodging


You had 3 spell levels left.
You didn't know any spells.
Your spell library was empty.

Dungeon Overview and Level Annotations

Branches:
Dungeon (2/15)

Altars:
Qazlal
Ru


Innate Abilities, Weirdness & Mutations

You thrive by killing the living.
You are immune to poison.
You have sharp fingernails.
Your flesh is cold resistant. (rC+)
You are immune to negative energy. (rN+++)
You do not regenerate when monsters are visible.
You are immune to unholy pain and torment.
You can survive without breathing.


Message History

Found a stone staircase leading down.
A goblin is nearby!
A hobgoblin comes into view. It is wielding a +0 club.
The hobgoblin shouts!
You hit the goblin.
The goblin is heavily wounded.
The goblin barely misses you.
You miss the goblin.
The goblin is heavily wounded.
The goblin hits you with a +2 dagger of electrocution.
You are electrocuted!
You closely miss the goblin.
The goblin is heavily wounded.
You hit the goblin.
The goblin is almost dead.
The goblin hits you with a +2 dagger of electrocution.
You are electrocuted!
* * * LOW HITPOINT WARNING * * *
The hobgoblin hits you with a +0 club!
You die...

.....#..)....###....8.8...
.###.#...#...#.#.....8....
.....#...#...#............
.###.'#######+.#.....#.##.
#.....##..............
#.....###...#####....#.
.......# #...# .# ....#
####....###...##.##....#
............@g......#
#....###...##g####+##
............ ..>
#....###.... .....
..............
......##.####.. ........
.. . ....... ..


You could see a hobgoblin and a goblin.

Vanquished Creatures
  A jelly (D:2)
  An orc wizard (D:2)
  2 worms (D:2)
  A dart slug (D:1)
  7 bats
  7 giant cockroaches
  2 goblins
  A jackal (D:2)
  6 kobolds
  A ball python (D:1)
  A frilled lizard (D:1)
  5 rats
35 creatures vanquished.

Notes
Turn   | Place    | Note
-------+----------+-------------------------------------------
     0 | D:1      | Borgoz the Ghoul Gladiator began the quest for the Orb.
     0 | D:1      | Reached XP level 1. HP: 17/17 MP: 0/0
   228 | D:1      | Reached XP level 2. HP: 25/25 MP: 1/1
   586 | D:2      | Found a stormy altar of Qazlal.
   635 | D:2      | Reached skill level 1 in Armour
   635 | D:2      | Reached XP level 3. HP: 15/30 MP: 2/2
   860 | D:2      | Reached XP level 4. HP: 29/38 MP: 3/3
  1000 | D:2      | Found a sacrificial altar of Ru.
  1123 | D:2      | Found a faded altar of an unknown god.
  1189 | D:2      | Slain by a hobgoblin

Illustrated notes

Levels and vault maps discovered:
D:1:      dpeg_arrival_line_fractal, layout_rooms
D:2:      layout_basic, grunt_qazlal_clouds,
          nicolae_ru_great_annihilating_truth,
          chequers_ecumenical_altar_simple_redux, minmay_pentomino_p2

Skill      XL: |  1  2  3 |
---------------+----------+-----
Dodging        | 3 |  3.3
Long Blades    | 3 |  3.3
Armour         | 1 |  1.7
Fighting       | 3 |  3.1
Throwing       | |  1.7

Action                   |  1- 3 |  4- 6 || total
-------------------------+-------+-------++-------
Melee: Long sword        |    84 |    30 ||   114
Throw: Throwing net      |     1 |       ||     1
 Stab: Paralysed         |       |     1 ||     1
Armor: Leather armour    |    36 |     5 ||    41
Dodge: Dodged            |    70 |    14 ||    84
       Rpst.: Long sword |    21 |     4 ||    25

Table legend: (Time is in decaauts)
 A = Elapsed time spent in this place.
 B = Non-inter-level travel time spent in this place.
 C = Inter-level travel time spent in this place.
 D = Time resting spent in this place.
 E = Time spent auto-exploring this place.
 F = Levels seen in this place.
 G = Mean time per level.
                   A        B        C        D        E       F      G
               +--------+--------+--------+--------+--------+-----+--------+
         Total |   1217 |   1194 |     23 |    140 |    799 |   2 |  608.5 |
       Dungeon |   1217 |   1194 |     23 |    140 |    799 |   2 |  608.5 |
               +--------+--------+--------+--------+--------+-----+--------+

Top non-repeatable levels by time:
     D:2: 670 daAuts
     D:1: 546 daAuts
